 Dungeon Crawl Stone Soup version 0.19-a0-1489-ga782747 (webtiles) character file.

154 Lasiace the Skirmisher (level 5, -2/62 HPs)
             Began as an Ogre Chaos Knight on Sept 8, 2016.
             Slain by a gnoll shaman
             ... wielding a +0 whip
              (5 damage)
             ... on level 4 of the Dungeon.
             The game lasted 00:03:53 (1745 turns).

Lasiace the Skirmisher (Ogre Chaos Knight)          Turns: 1745, Time: 00:03:54

Health: -2/62      AC:  6    Str: 17    XL:     5   Next: 35%
Magic:  5/5        EV: 10    Int: 11    God:    Xom [.*....]
Gold:   102        SH:  0    Dex: 10    Spells: 0 memorised, 4 levels left

rFire  . . .     SeeInvis .     s - +0 mace (chaos)
rCold  . . .     Gourm    .     A - +2 robe
rNeg   . . .     Faith    .     (no shield)
rPois  .         Spirit   .     (helmet restricted)
rElec  .         Dismiss  .     S - +0 cloak
rCorr  .         Reflect  .     (gloves unavailable)
MR     .....     Harm     .     (boots unavailable)
Stlth  +.........               (no amulet)
                                (no ring)
                                (no ring)

@: very slightly contaminated, hasted, very quick
A: unfitting armour, tough skin 1
a: Renounce Religion


You were on level 4 of the Dungeon.
You worshipped Xom.
You were a plaything of Xom.
You were hungry.

You visited 1 branch of the dungeon, and saw 4 of its levels.

You collected 102 gold pieces.

Inventory:

Hand Weapons
 a - a +5 whip
 s - a +0 mace of chaos (weapon)
Armour
 A - a +2 robe (worn)
 S - a +0 cloak (worn)
Scrolls
 b - a scroll of enchant armour {unknown}
 e - a scroll of blinking {unknown}
 j - 4 scrolls of remove curse {unknown}
 m - a scroll of amnesia {unknown}
 o - a scroll of teleportation {unknown}
 p - 3 scrolls of identify {unknown}
 r - a scroll of recharging {unknown}
 t - a scroll of enchant weapon {unknown}
 u - a scroll of random uselessness {unknown}
 v - a scroll of noise {unknown}
Potions
 d - a potion of heal wounds {unknown}
 g - 2 potions of haste
 k - a potion of degeneration {unknown}
 n - 3 potions of flight {unknown}
 q - a potion of might {unknown}
Comestibles
 c - 2 bread rations
 f - a meat ration
 h - a royal jelly
 l - a beef jerky


   Skills:
 - Level 7.0 Fighting
 + Level 5.2 Maces & Flails
 - Level 2.1 Dodging


You had 4 spell levels left.
You didn't know any spells.

Dungeon Overview and Level Annotations

Branches:
Dungeon (4/15)
 Temple: D:4-7

Altars:
Ru


Innate Abilities, Weirdness & Mutations

You are too large for most types of armour.
You have tough skin. (AC +1)


Message History

You closely miss the gnoll shaman. The gnoll hits you but does no damage.
You barely miss the gnoll shaman. The gnoll shaman hits you with a whip!
* * * LOW HITPOINT WARNING * * *
The gnoll hits you but does no damage.
You hit the gnoll shaman but do no damage.
The gnoll shaman hits you with a whip.
* * * LOW HITPOINT WARNING * * *
The gnoll closely misses you.
You barely miss the gnoll shaman. The gnoll shaman barely misses you.
You hit the gnoll shaman. You drain the gnoll shaman!
The gnoll shaman is moderately wounded.
The gnoll barely misses you. The gnoll shaman hits you with a whip.
* * * LOW HITPOINT WARNING * * *
You barely miss the gnoll shaman.
The gnoll shaman is moderately wounded.
The gnoll barely misses you.
You thump the gnoll shaman! You burn the gnoll shaman.
The gnoll shaman is severely wounded.
The gnoll shaman hits you with a whip.
You die...

#....#####+
#. #....# #.
#....# #.
#.##.# #.
.#.#.##.# #.
........# #.
##.#.##.#
#### #. #.#
#.#####gg..#
#. #....@gg#
#. #.#####.#
#. #.. ∆ #
#. #.# #.
#.# #. #.#
#. #.# #. #.
#. ∆ #.


You could see a gnoll shaman and 3 gnolls.

Vanquished Creatures
  A centaur skeleton (D:4)
  A worker ant (D:3)
  3 adders
  A gnoll (D:4)
  A worm (D:2)
  2 dart slugs
  A giant gecko (D:2)
  2 orcs
  3 giant cockroaches (D:1)
  2 goblins
  8 hobgoblins
  4 jackals (D:2)
  5 kobolds
  A quokka (D:3)
  3 ball pythons
  5 bats
  5 giant newts
  11 rats
59 creatures vanquished.

Notes
Turn   | Place    | Note
-------+----------+-------------------------------------------
     0 | D:1      | Lasiace the Ogre Chaos Knight began the quest for the Orb.
     0 | D:1      | Reached XP level 1. HP: 24/24 MP: 1/1
   125 | D:1      | XOM is BORED!
   125 | D:1      | XOM: harmless Fire miscast
   178 | D:1      | Reached XP level 2. HP: 32/33 MP: 2/2
   318 | D:1      | Reached skill level 5 in Fighting
   601 | D:1      | XOM: harmless Conj miscast
   793 | D:1      | Reached XP level 3. HP: 42/42 MP: 3/3
   925 | D:2      | Found a sacrificial altar of Ru.
  1051 | D:2      | Reached skill level 6 in Fighting
  1123 | D:2      | Reached XP level 4. HP: 39/53 MP: 4/4
  1193 | D:2      | XOM: harmless Conj miscast
  1499 | D:3      | Reached skill level 7 in Fighting
  1568 | D:3      | XOM: silly message
  1616 | D:3      | XOM: smoke on damage
  1616 | D:3      | XOM: torment (29/55 hp)
  1664 | D:3      | XOM: noise
  1728 | D:4      | Reached skill level 5 in Maces & Flails
  1728 | D:4      | Reached XP level 5. HP: 23/62 MP: 5/5
  1738 | D:4      | XOM: divination: detect items
  1743 | D:4      | HP: 2/62 [gnoll shaman/whip (3)]
  1745 | D:4      | Slain by a gnoll shaman

Vault maps used:
D:1:      denvon_arrival_waterhouse
D:2:      nicolae_ru_awakened_eye
D:3:      lightli_corner_chamber
D:4:      overflow_temple_1_default, nicolae_ossuary_entry_ruins

Skill      XL: |  1  2  3  4 |
---------------+-------------+-----
Fighting       | 5 6 7 |  7.0
Maces & Flails | 5 |  5.2
Dodging        | |  2.1

Action                   |  1- 3 |  4- 6 || total
-------------------------+-------+-------++-------
Melee: Mace              |    75 |    79 ||   154
       Whip              |    11 |     1 ||    12
  Use: Potion            |       |     1 ||     1
 Stab: Sleeping          |     1 |     1 ||     2
       Petrified         |       |     1 ||     1
  Eat: Chunk             |     1 |     1 ||     2
Armor: Robe              |    39 |    21 ||    60
Dodge: Dodged            |    45 |    45 ||    90
